 Dungeon Crawl Stone Soup version 0.28.0-53-g5a82cb258f (webtiles) character file.

Game seed: 4447302344892987126

1187 Peloso the Slasher (level 8, -5/70 HPs)
             Began as a Minotaur Fighter on July 17, 2022.
             Slain by an ogre
             ... wielding a +0 giant club
              (24 damage)
             ... on level 6 of the Dungeon.
             The game lasted 00:07:32 (5926 turns).

Peloso the Slasher (Minotaur Fighter)               Turns: 5926, Time: 00:07:33

Health: -5/70      AC: 13    Str: 20    XL:     8   Next: 19%
Magic:  7/7        EV:  6    Int:  5    God:
Gold:   248        SH:  5    Dex: 13    Spells: 7/7 levels left

rFire   + . .      SeeInvis .   a - +0 long sword
rCold   . . .      Faith    .   c - +0 buckler
rNeg    . . .      Spirit   .   v - +0 plate armour
rPois   .          Reflect  .   (helmet restricted)
rElec   .          Harm     .   (no cloak)
rCorr   +          Rampage  .   (no gloves)
Will    .....                   (no boots)
Stlth   ..........              (no amulet)
HPRegen 0.21/turn               q - ring of protection from fire
MPRegen 0.10/turn               g - ring of resist corrosion

@: no status effects
A: horns 2, retaliatory headbutt
a: no special abilities


You were on level 6 of the Dungeon.
You visited 1 branch of the dungeon, and saw 6 of its levels.

You collected 248 gold pieces.

Inventory:

Hand Weapons
 a - a +0 long sword (weapon)
Armour
 b - a +0 scale mail
 c - a +0 buckler (worn)
 v - a +0 plate armour (worn)
Jewellery
 g - a ring of resist corrosion (right hand)
 q - a ring of protection from fire (left hand)
 r - an amulet of magic regeneration
Wands
 m - a wand of flame (22)
 u - a wand of digging (9)
Scrolls
 e - a scroll of brand weapon {unknown}
 i - a scroll of enchant weapon {unknown}
 j - 2 scrolls of magic mapping {unknown}
 n - 3 scrolls of teleportation {unknown}
 o - a scroll of fear {unknown}
 p - 3 scrolls of identify {unknown}
 t - 2 scrolls of blinking {unknown}
 y - a scroll of noise {unknown}
 B - a scroll of vulnerability {unknown}
Potions
 d - a potion of might
 f - a potion of invisibility
 h - 2 potions of magic {unknown}
 k - a potion of brilliance {unknown}
 l - 2 potions of ambrosia {unknown}
 s - a potion of flight {unknown}
 w - 2 potions of attraction {unknown}
 x - 2 potions of curing {unknown}
 z - a potion of heal wounds {unknown}
 A - a potion of lignification {unknown}


   Skills:
 + Level 5.7 Fighting
 + Level 7.7 Long Blades
 + Level 7.1 Armour
 + Level 1.6 Dodging
 + Level 0.2 Stealth
 + Level 5.7 Shields


You had 7 spell levels left.
You didn't know any spells.
Your spell library contained the following spells:

 Spells                   Type           Power      Damage    Failure   Level
 Blade Hands              Tmut           0%         N/A       100%        5
 Irradiate                Conj/Tmut      0%         3d13      100%        5
 Dragon Form              Tmut           0%         N/A       100%        7


Dungeon Overview and Level Annotations

Branches:
Dungeon (6/15)
 Temple: D:4-7

Altars:
Vehumet
Xom
Yredelemnul

Annotations:
D:4 Dowan, Duvessa


Innate Abilities, Weirdness & Mutations

You have a pair of horns on your head.
You reflexively headbutt those who attack you in melee.


Message History

You closely miss the orc. The orc barely misses you.
You slash the orc!
You kill the orc!
The orc hits you but does no damage. The orc closely misses you.
The iguana bites you but does no damage.
Things that are here:
a +0 dagger; an orc corpse The orc hits you from afar with a +0 trident.
You hit the iguana.
The iguana is moderately wounded.
The orc hits you from afar with a +0 trident.
The iguana bites you!
You hit the iguana but do no damage.
You headbutt the iguana, but do no damage.
The iguana is moderately wounded.
The orc hits you from afar with a +0 trident.
The iguana bites you.
The orc hits you from afar with a +0 trident.
You hit the iguana.
The iguana is moderately wounded.
The iguana bites you. The orc hits you but does no damage.
The iguana bites you but does no damage.
You hit the iguana.
The iguana is severely wounded.
The orc hits you but does no damage. You block the iguana's attack.
You slash the iguana!
You kill the iguana!
The orc hits you but does no damage.
You slash the ogre!
The ogre is heavily wounded.
The ogre hits you with a +0 giant club!!
* * * LOW HITPOINT WARNING * * *
The orc hits you but does no damage.
You slash the ogre! You headbutt the ogre.
The ogre is almost dead.
The orc hits you from afar with a +0 trident.
* * * LOW HITPOINT WARNING * * *
The ogre hits you with a +0 giant club!!
You die...

♣♣........ .'........
♣.......## ♣........
.♣.......# .. ## #.
.'.......# .#.... ..
♣....o).# ##.#^.#.####.
......#O## #............
..... #@####............ ....
#..<.............. ...
#..........)...... ..
#........#........ .
#.###...#....###.#
#...............)#
####..........##..# #.......#
#.............##..#
#.......###.............##..#


You could see an ogre and an orc.

Vanquished Creatures
  Grinder (D:3)
  A water moccasin (D:5)
  A phantom (D:5)
  A kobold brigand (D:6)
  2 gnoll sergeants (D:5)
  A bullfrog zombie (D:6)
  2 hounds
  Natasha (twice) (D:4)
  2 iguanas
  3 orc wizards
  2 scorpion zombies (D:5)
  A hound skeleton (D:4)
  11 gnolls
  8 adders
  A shadow imp (D:6)
  An adder skeleton (D:5)
  3 worms
  4 dart slugs
  11 orcs
  6 ball pythons
  5 endoplasms
  6 giant cockroaches
  6 goblins
  4 hobgoblins
  7 jackals
  11 kobolds
  4 quokkas
  4 bats
  2 frilled lizards
  5 rats
118 creatures vanquished.

Vanquished Creatures (others)
  26 plants
  13 withered plants (D:1)
39 creatures vanquished.

Grand Total: 157 creatures vanquished

Notes
Turn   | Place    | Note
-------+----------+-------------------------------------------
     0 | D:1      | Peloso the Minotaur Fighter began the quest for the Orb.
     0 | D:1      | Reached XP level 1. HP: 19/19 MP: 0/0
   132 | D:1      | Reached XP level 2. HP: 27/27 MP: 1/1
   577 | D:1      | Found a faded altar of an unknown god.
  1008 | D:2      | Reached XP level 3. HP: 15/33 MP: 2/2
  1643 | D:2      | Reached XP level 4. HP: 36/40 MP: 3/3
  2188 | D:3      | Reached XP level 5. HP: 37/46 MP: 4/4
  2461 | D:3      | Reached skill level 1 in Dodging
  2462 | D:3      | Reached skill level 5 in Armour
  3212 | D:4      | Noticed Grinder
  3234 | D:3      | Paralysed by Grinder for 4 turns
  3239 | D:3      | Killed Grinder
  3240 | D:3      | Reached skill level 5 in Long Blades
  3240 | D:3      | Reached XP level 6. HP: 13/55 MP: 5/5
  3737 | D:4      | Noticed Natasha
  3759 | D:4      | Killed Natasha
  3760 | D:4      | Reached skill level 5 in Fighting
  3938 | D:4      | Reached XP level 7. HP: 61/61 MP: 6/6
  3978 | D:4      | Noticed Duvessa
  3978 | D:4      | Noticed Dowan
  4106 | D:4      | Noticed Natasha
  4116 | D:4      | Killed Natasha
  4142 | D:5      | Entered Level 5 of the Dungeon
  4185 | D:5      | Found a shimmering altar of Xom.
  4533 | D:5      | Found a radiant altar of Vehumet.
  4664 | D:5      | Reached skill level 5 in Shields
  5276 | D:5      | Reached XP level 8. HP: 40/69 MP: 7/7
  5666 | D:6      | Found a basalt altar of Yredelemnul.
  5926 | D:6      | Slain by an ogre

Illustrated notes

Levels and vault maps discovered:
D:1:      onia_arrival_handbag, layout_basic,
          shapermc_ecumenical_altar_flowoftime
D:2:      layout_basic, minmay_tromino_mix6
D:3:      layout_loops_corners, minmay_fountain_box, chequers_decorated_corner,
          serial_park_tiny_2, nicolae_grassy_gnolls
D:4:      layout_cave_pools, minmay_misc_feat_diagonals, serial_bayou_lagoon_b,
          uniq_duvessa, uniq_grinder, uniq_natasha
D:5:      layout_basic, mainiacjoe_overflow_paths, mainiacjoe_overflow_swirl
D:6:      layout_basic, kennysheep_ying_yang,
          mainiacjoe_overflow_six_doors_small, minitemple, uniq_menkaure

Skill      XL: |  1  2  3  4  5  6  7  8 |
---------------+-------------------------+-----
Armour         | 4 5 6 7 |  7.1
Shields        | 4 5 |  5.7
Fighting       | 4 5 |  5.7
Long Blades    | 3 4 5 7 |  7.7
Dodging        | 1 |  1.6
Stealth        | |  0.2

Action                   |  1- 3 |  4- 6 |  7- 9 || total
-------------------------+-------+-------+-------++-------
Melee: Long sword        |    94 |   153 |   121 ||   368
       Headbutt          |    14 |    22 |    23 ||    59
Armor: Scale mail        |    32 |    43 |       ||    75
       Plate armour      |       |    40 |    65 ||   105
Dodge: Dodged            |    34 |    44 |    28 ||   106
Block: Buckler           |    20 |    31 |    33 ||    84
